Map: Chantier naval orbital

Players

AgCl

  • Race: Protoss Protoss

Erlang - Winner!

  • Race: Zerg Zerg

VOD

Have the link to the VOD?

Description

Time

  • Played on: May 12, 2015, 9:57 p.m.
  • Length: 2:32
Show
View Real Time Build Order
Export as new Build Order

AgCl Protoss 

Build Orders:  

Get SALT Encoding   

  12  0:15  Probe  
  12  0:16  Pylon  
  13  0:27  Probe  
  14  0:30  Assimilator  
  14  0:40  Probe  
  15  0:52  Probe, Gateway  
  16  1:04  Probe  
  17  1:06  Forge  
  17  1:16  Probe (Chrono Boost)  
  19  1:25  Probe (Chrono Boost)  
  19  1:33  Probe, Pylon  
  19  1:38  Pylon  
  21  1:52  Assimilator  
  21  1:55  Photon Cannon  
  21  1:59  Gateway  
  20  2:13  Photon Cannon  
  19  2:19  Probe  
Show
View Real Time Build Order
Export as new Build Order

Erlang Zerg - Winner!

Build Orders: Hatch First 

Get SALT Encoding   

  12  0:01  Drone  
  13  0:10  Drone  
  14  0:33  Hatchery  
  13  0:38  Drone  
  14  0:52  Spawning Pool  
  13  0:59  Drone  
  13  1:03  Drone, Extractor  
  14  1:10  Overlord  
  14  1:39  Queen  
  16  1:40  Zergling x6  
  20  1:47  Drone  
Tags
 
Add a new tag
Caveats
  • Supply blocks, unpowered buildings, or Contaminate may cause inaccurate times.
  • Supply counts are checked every 10 seconds.